AoeStats
← aktaa_darwish

Arena

510150388Analyzed
2v2 RM · 17h ago on Sep 29, 2026· 40m 52s· 4 players
Game mode
Random Map
Map size
Medium (4 player)
Population
200
Speed
Normal
Resources
Standard
Victory
Conquest
Starting age
Dark Age
Ending age
Imperial Age
RankedLock teamsTeams togetherTeam positionsShared explorationLock speedFull tech treeHidden civsTurbo modeCheats
Victory
Defeat
🇳🇱 Turks · Netherlands
972
+14
🇳🇱 Spanish · Netherlands
969
+15
🇷🇴 Magyars · Romania
954
-15
🇬🇧 Bohemians · United Kingdom
935
-14
highwater
11:44 Feudal Age
13:07 Double-Bit Axe
13:51 Gold Mining
16:06 Castle Age
14:49 Horse Collar
18:12 Loom
20:51 Bow Saw
22:07 Heavy Plow
27:52 Imperial Age
26:15 Wheelbarrow
28:25 Padded Archer Armor
29:44 Conscription
31:23 Leather Archer Armor
36:35 Stone Mining
37:34 Ring Archer Armor
37:59 Bloodlines
37:49 Husbandry
39:33 Hand Cart
39:43 Scale Barding Armor
40:44 Chain Barding Armor
41:30 Artillery
Torghai
5:44 Loom
11:45 Feudal Age
12:09 Feudal Age
14:02 Double-Bit Axe
17:42 Castle Age
22:54 Bloodlines
22:39 Fletching
25:16 Padded Archer Armor
26:24 Bodkin Arrow
29:02 Wheelbarrow
28:12 Town Watch
30:59 Husbandry
32:03 Leather Archer Armor
36:18 Imperial Age
34:04 Forging
37:05 Bow Saw
40:58 Bracer
41:29 Ring Archer Armor
aktaa_darwish
0:28 Loom
10:43 Feudal Age
19:34 Castle Age
18:51 Stone Mining
20:41 Double-Bit Axe
20:38 Horse Collar
23:08 Heavy Plow
23:21 Bow Saw
24:34 Corvinian Army
25:26 Gold Mining
32:03 Imperial Age
30:06 Elite Skirmisher
32:21 Bloodlines
34:31 Cavalier
36:35 Husbandry
37:07 Paladin
Dracula
0:35 Loom
10:30 Feudal Age
10:58 Double-Bit Axe
17:09 Castle Age
16:10 Horse Collar
18:00 Bow Saw
18:06 Heavy Plow
21:03 Fervor
21:29 Sanctity
21:19 Pikeman
23:47 Wheelbarrow
31:48 Imperial Age
29:12 Town Watch
32:11 Squires
33:35 Two-Man Saw
33:51 Chemistry
33:42 Conscription
33:33 Elite Skirmisher
35:11 Halberdier
39:54 Elite Hussite Wagon
Connection lost

Rejoining the realm…

Still unreachable

The connection could not be restored.

Session expired

The server has moved on; the page needs a fresh start.